 Dungeon Crawl Stone Soup version 0.14-a0-2964-g8dc6adb (webtiles) character file.

1285 Kae the Spear-Bearer (level 8, -9/67 HPs)
             Began as a Naga Gladiator on Mar 5, 2014.
             Killed by divine providence
             ... invoked by an orc priest
              (12 damage)
             ... on Level 5 of the Dungeon.
             The game lasted 00:10:30 (6252 turns).

Kae the Spear-Bearer (Naga Gladiator)               Turns: 6252, Time: 00:10:30

HP  -9/67        AC 11     Str 19      XL: 8   Next: 28%
MP   8/8         EV  5     Int  9      God:
Gold 219         SH  0     Dex 18      Spells:  0 memorised,  7 levels left

rFire  . . .     SeeInvis +     b - +0 scythe
rCold  . . .     Clarity  .     e - +0 chain mail
rNeg   . . .     Conserve .     (no shield)
rPois  +         rCorr    .     c - +0 helmet
rElec  .         rRot     .     (no cloak)
SustAb . .       Spirit   .     q - +1 pair of gloves
rMut   .         Warding  .     (no barding)
Saprov . . .     Stasis   .     (no amulet)
MR     +....                    (no ring)
                                h - +6 ring of dexterity

@: very slightly contaminated, hasted, quick, somewhat resistant to hostile
enchantments, extremely unstealthy
A: spit poison, see invisible, deformed body, poison resistance, slowness 2, AC
+2
a: Spit Poison


You were on level 5 of the Dungeon.
You were hungry.

You visited 1 branch of the dungeon, and saw 5 of its levels.
You also visited: Sewer.

You collected 219 gold pieces.

Inventory:

Hand weapons
 a - a +0,+0 trident
 b - a +0,+0 scythe (weapon)
Missiles
 d - 3 throwing nets (quivered)
Armour
 c - a +0 helmet (worn)
 e - a +0 chain mail (worn)
 l - a +0 leather armour
 q - a +1 pair of gloves (worn)
Magical devices
 i - a wand of digging (0) {unknown}
Comestibles
 u - 2 meat rations
Scrolls
 j - 3 scrolls of remove curse
 k - a scroll of enchant armour
 m - 4 scrolls of enchant weapon II
 s - a scroll of fear {unknown}
 v - a scroll of magic mapping
 y - a scroll of fog {unknown}
Jewellery
 h - a +6 ring of dexterity (left hand)
Potions
 f - a potion of brilliance {unknown}
 n - a potion of restore abilities {unknown}
 o - 2 potions of invisibility {unknown}
 p - 2 potions of paralysis {unknown}
 r - a potion of might {unknown}


   Skills:
 - Level 2.0 Fighting
 * Level 8.3 Polearms
 - Level 1.7 Throwing
 + Level 4.3 Armour
 - Level 2.4 Dodging


You had 7 spell levels left.
You didn't know any spells.

Dungeon Overview and Level Annotations

Branches:
Dungeon (5/16)
 Temple: D:4-7

Altars:
Nemelex Xobeh


Innate Abilities, Weirdness & Mutations

You cannot wear boots.
You can spit poison.
Your serpentine skin is tough (AC +2).
You have supernaturally acute eyesight.
Armour fits poorly on your strangely shaped body.
Your system is resistant to poisons.
You cover ground very slowly.


Message History

* * * LOW HITPOINT WARNING * * *
The orc wizard gestures wildly while chanting.
The orc wizard blinks!
The orc priest's eyes start to glow.
The orc priest mumbles some strange prayers to Beogh against you.
You resist with significant effort.
The orc wizard points at you and mumbles some strange words.
The magic dart hits you!
* * * LOW HITPOINT WARNING * * *
The orc wizard gestures at you while chanting.
The magic dart hits you!
The orc wizard points at you and mumbles some strange words.
The magic dart hits you!
* * * LOW HITPOINT WARNING * * *
The orc wizard casts a spell at you. The magic dart hits you!
* * * LOW HITPOINT WARNING * * *
The orc priest calls down the wrath of Beogh upon you.
Something smites you!
You die...

....# #.........# ....#
#.........# ....# #.........#
..o.# #.........# ...o#
#.........# ....#
########.........# ....#
#......#.........#
....###########.#..............##
......o.o.......@..⌠.............
........o........................
.................................
.....)...........................
.....((..........................
...((%)..........>...............
.................................
.................................
#################################


You could see an orc priest and an orc wizard.

Vanquished Creatures
  The ghost of Kae the Sneak, an average SpEn (D:4)
  A necrophage (D:5)
  A sky beast (D:3)
  An ice beast (D:5)
  Sigmund (D:3)
  A crimson imp (D:3)
  A hound (D:4)
  3 big fish (Sewer)
  2 orc priests
  2 orc wizards
  A worker ant (D:5)
  Jessica (D:3)
  2 green rats (D:5)
  10 adders
  A giant mite (D:5)
  4 worms
  An adder skeleton (D:4)
  2 giant eyeballs
  3 giant geckos
  3 oozes
  6 orcs
  7 bats
  5 giant cockroaches
  6 goblins
  8 hobgoblins
  3 jackals (Sewer)
  2 quokkas
  A ball python (D:4)
  9 giant newts
  A goblin skeleton (D:4)
  16 kobolds
  A kobold zombie (D:5)
  An orc zombie (D:5)
  9 rats
  A plant (Sewer)
118 creatures vanquished.

Notes
Turn   | Place    | Note
--------------------------------------------------------------
     0 | D:1      | Kae, the Naga Gladiator, began the quest for the Orb.
     0 | D:1      | Reached XP level 1. HP: 19/19 MP: 1/1
   426 | D:1      | Reached XP level 2. HP: 21/26 MP: 2/2
   925 | D:2      | Reached skill level 1 in Armour
   925 | D:2      | Reached XP level 3. HP: 23/32 MP: 3/3
   929 | D:2      | Reached skill level 4 in Polearms
  1164 | D:2      | Reached XP level 4. HP: 35/39 MP: 4/4
  1861 | D:3      | Reached XP level 5. HP: 30/45 MP: 5/5
  1963 | D:3      | Noticed Jessica
  1972 | D:3      | Killed Jessica
  1972 | D:3      | Reached skill level 5 in Polearms
  2082 | D:3      | Found a sparkling altar of Nemelex Xobeh.
  2653 | D:3      | Noticed Sigmund
  3049 | D:4      | Noticed Kae's ghost (average SpEn)
  3082 | D:4      | Killed Kae's ghost
  3082 | D:4      | Reached skill level 6 in Polearms
  3082 | D:4      | Reached XP level 6. HP: 38/52 MP: 6/6
  3135 | D:4      | Paralysed by a giant eyeball for 4 turns
  3640 | D:3      | Noticed a sky beast
  3661 | D:3      | Killed a sky beast
  3661 | D:3      | Reached XP level 7. HP: 11/60 MP: 7/7
  4210 | D:3      | Killed Sigmund
  4210 | D:3      | Reached skill level 7 in Polearms
  4228 | D:5      | Entered Level 5 of the Dungeon
  4230 | D:5      | Found a glowing drain.
  4566 | Sewer    | Entered a sewer
  5453 | D:5      | Paralysed by a giant eyeball for 4 turns
  5967 | D:5      | Reached XP level 8. HP: 32/67 MP: 8/8
  6203 | D:5      | Reached skill level 8 in Polearms
  6249 | D:5      | HP: 3/67 [orc wizard/magic dart (4)]
  6252 | D:5      | Killed from afar by an orc priest

Action                   |  1- 3 |  4- 6 |  7- 9 || total
-------------------------+-------+-------+-------++-------
Melee: Trident           |   119 |   260 |    40 ||   419
       Scythe            |       |       |   202 ||   202
 Abil: Spit Poison       |       |       |     1 ||     1
  Use: Potion            |       |     6 |     3 ||     9
       Scroll            |       |     5 |     3 ||     8
